 Dungeon Crawl Stone Soup version 0.27-a0-1291-geefcff550b (webtiles) character file.

Game seed: 11028465869594950125

0 ipx the Firebug (level 1, 0/10 HPs)
             Began as a Deep Elf Fire Elementalist on June 15, 2021.
             Frozen to death by an endoplasm (4 damage)
             ... on level 1 of the Dungeon.
             The game lasted 00:01:14 (87 turns).

ipx the Firebug (Deep Elf Fire Elementalist)          Turns: 87, Time: 00:01:15

Health: 0/10       AC:  2    Str:  5    XL:     1   Next: 0%
Magic:  4/6        EV: 12    Int: 19    God:
Gold:   13         SH:  0    Dex: 15    Spells: 5/6 levels left

rFire    . . .     SeeInvis .   (no weapon)
rCold    . . .     Faith    .   (no shield)
rNeg     . . .     Spirit   .   a - +0 robe
rPois    .         Reflect  .   (no helmet)
rElec    .         Harm     .   (no cloak)
rCorr    .         Rampage  .   (no gloves)
Will     .....                  (no boots)
Stlth    ++........             (no amulet)
HPRegen  0.03/turn              (no ring)
MPRegen  0.10/turn              (no ring)

@: no status effects
A: no striking features
a: no special abilities


You were on level 1 of the Dungeon.
You visited 1 branch of the dungeon, and saw 1 of its levels.

You collected 13 gold pieces.

Inventory:

Armour
 a - a +0 robe (worn)
Scrolls
 c - a scroll of fear {unknown}
Potions
 b - a potion of curing {unknown}


   Skills:
 - Level 2.4 Dodging
 - Level 2.4 Stealth
 - Level 3.0 Spellcasting
 - Level 1.1 Conjurations
 + Level 3.2 Fire Magic


You had 5 spell levels left.
You knew the following spells:

 Your Spells              Type           Power      Damage    Failure   Level
x - Foxfire               Conj/Fire      44%        2x1d6     6%          1

Your spell library contained the following spells:

 Spells                   Type           Power      Damage    Failure   Level
 Animate Skeleton         Necr           4%         N/A       16%         1
 Pain                     Necr           8%         1d4       16%         1
 Conjure Flame            Conj/Fire      11%        6-21      19%         3
 Inner Flame              Hex/Fire       9%         N/A       24%         3
 Vampiric Draining        Necr           1%         2d6       41%         3
 Sticky Flame             Conj/Fire      11%        2d3       52%         4
 Animate Dead             Necr           1%         N/A       83%         4
 Fireball                 Conj/Fire      5%         3d5       86%         5
 Agony                    Necr           2%         N/A       99%         5


Dungeon Overview and Level Annotations

Branches:
Dungeon (1/15)

Altars:


Message History

You add the spells Foxfire, Conjure Flame, Inner Flame, Sticky Flame and Fireball to your library.
Welcome, ipx the Deep Elf Fire Elementalist.
Will you be the one to retrieve the awesome Orb of Zot from the depths?
Press ? for a list of commands and other information.
Found a pink potion.
Found a staircase leading out of the dungeon.
Adjust (i)tems, (s)pells, or (a)bilities?
Adjust which spell? a - Foxfire Adjust to which letter? x - Foxfire
b - a pink potion
Found 13 gold pieces.
Found a paperback book.
You now have 13 gold pieces.
You pick up a book of Necromancy and begin reading...
You add the spells Pain, Animate Skeleton, Vampiric Draining, Animate Dead and Agony to your library.
Found a scroll labelled BUKASU BOMEBB.
c - a scroll labelled BUKASU BOMEBB
Found 11 arrows.
An endoplasm comes into view.
The endoplasm freezes you.
You are frozen.
Found 12 gold pieces.
Casting: Foxfire (safe; 6% risk of failure)
Confirm with . or Enter, or press ? or * to list all spells.
You conjure some foxfire!
The endoplasm freezes you.
You are frozen.
Your foxfire dissipates!
The foxfire hits the endoplasm.
The endoplasm is severely wounded.
Casting: Foxfire (safe; 6% risk of failure)
Confirm with . or Enter, or press ? or * to list all spells.
You conjure some foxfire!
The endoplasm freezes you.
You are frozen.
You die...

#.#####.# #.#.....#
#.#.##### #.......#
######.####### ###
####.#.##.......# #.##
#.......#.......#
#$#.####v##.#.#.###.##..
#.###...J@...#.#.###.#
..# ##.##v##..........
### #.###.##.......#.##
#.# #.##.#.#.#.# #.#
#............ ##
####.....#.###
#.##...... #.# .##(## #.
.. .#


You could see an endoplasm (ally target).

Vanquished Creatures (others)
  A foxfire (D:1)
1 creature vanquished.

Notes
Turn   | Place    | Note
-------+----------+-------------------------------------------
     0 | D:1      | ipx the Deep Elf Fire Elementalist began the quest for the
                  | Orb.
     0 | D:1      | Reached XP level 1. HP: 10/10 MP: 6/6
    87 | D:1      | Frozen to death by an endoplasm

Illustrated notes

Levels and vault maps discovered:
D:1:      matt_arrival_spirals, layout_loops_cross,
          hellmonk_ecumenical_altar_watching_god, minmay_misc_feat_encased,
          st_stairs_4

Action                   || total
-------------------------++-------
 Cast: Foxfire           ||     2

Table legend: (Time is in decaauts)
 A = Elapsed time spent in this place.
 B = Non-inter-level travel time spent in this place.
 C = Inter-level travel time spent in this place.
 D = Time resting spent in this place.
 E = Time spent auto-exploring this place.
 F = Levels seen in this place.
 G = Mean time per level.
                   A        B        C        D        E       F      G
               +--------+--------+--------+--------+--------+-----+--------+
         Total |     87 |     87 |      0 |      0 |      0 |   1 |   87.0 |
       Dungeon |     87 |     87 |      0 |      0 |      0 |   1 |   87.0 |
               +--------+--------+--------+--------+--------+-----+--------+

Top non-repeatable levels by time:
     D:1: 87 daAuts
